 Dungeon Crawl Stone Soup version 0.28-a0-1159-g27aa881441 (webtiles) character file.

Game seed: 11536585478784470545

9 zygocactus the Chopper (level 2, -2/21 HPs)
             Began as a Demonspawn Wanderer on Dec 15, 2021.
             Slain by a killer bee (3 damage)
             ... on level 1 of the Dungeon.
             The game lasted 00:04:50 (369 turns).

zygocactus the Chopper (Demonspawn Wanderer)         Turns: 369, Time: 00:04:51

Health: -2/21      AC:  3    Str: 14    XL:     2   Next: 3%
Magic:  2/2        EV: 11    Int: 15    God:
Gold:   8          SH:  0    Dex:  8    Spells: 1/1 levels left

rFire   . . .      SeeInvis .   e - +1 spear (flame)
rCold   . . .      Faith    .   (no shield)
rNeg    . . .      Spirit   .   d - +0 robe
rPois   .          Reflect  .   (no helmet)
rElec   .          Harm     .   (no cloak)
rCorr   .          Rampage  .   (no gloves)
Will    .....                   (no boots)
Stlth   +.........              (no amulet)
HPRegen 0.07/turn               (no ring)
MPRegen 0.08/turn               (no ring)

@: lethally poisoned (-2 -> -5)
A: sharp scales 1
a: no special abilities


You were on level 1 of the Dungeon.
You visited 1 branch of the dungeon, and saw 1 of its levels.

You collected 8 gold pieces.

Inventory:

Hand Weapons
 a - a +0 war axe
 e - a +1 spear of flaming (weapon)
Armour
 d - a +0 robe (worn)
Wands
 c - a wand of polymorph (5) (quivered)
Scrolls
 b - a scroll of identify


   Skills:
 + Level 1.0 Fighting
 + Level 2.9(3.1) Axes
 + Level 1.1(2.2) Polearms
 + Level 1.0 Armour
 + Level 1.0 Dodging
 + Level 1.4 Stealth
 + Level 2.0 Evocations


You had one spell level left.
You didn't know any spells.
Your spell library was empty.

Dungeon Overview and Level Annotations

Branches:
Dungeon (1/15)

Altars:


Innate Abilities, Weirdness & Mutations

You are partially covered in razor-sharp scales. (AC +1, Slay +1)


Message History

Reach: e) +1 spear (flame)
Press: ? - help, Dir - move target, f - hobgoblin
Aim: a hobgoblin (asleep, about 2% to evade your +1 spear of flaming)
You reach to attack!
The helpless hobgoblin fails to defend itself.
You hit the hobgoblin but do no damage. You hit the hobgoblin.
You burn the hobgoblin.
You kill the hobgoblin!
You have reached level 2!
Your demonic ancestry asserts itself...
Sharp scales grow over part of your body.
A bat comes into view.
A bat is nearby!
The bat evaporates and reforms as a killer bee!
You closely miss the killer bee. The killer bee stings you. x2
You are poisoned.
The killer bee poisons you!
You miss the killer bee.
You feel sick. The killer bee completely misses you.
Reach: e) +1 spear (flame)
Press: ? - help, Dir - move target, f/p - killer bee
Aim: a killer bee (about 69% to evade your +1 spear of flaming)
Okay, then.
You hit the killer bee. You burn the killer bee.
The killer bee is severely wounded.
You feel sick. The killer bee stings you!
* * * LOW HITPOINT WARNING * * *
The killer bee stings you.
* * * LOW HITPOINT WARNING * * *
As you read the scroll labelled ZECOTS FINLI, it crumbles to dust.
It is a scroll of identify.
You don't have any unidentified items.
* * * LOW HITPOINT WARNING * * *
You feel sick. The killer bee closely misses you.
The killer bee barely misses you.
You aren't carrying any potions.
You closely miss the killer bee.
The killer bee is severely wounded.
* * * LOW HITPOINT WARNING * * *
You feel sick. The killer bee stings you.
You die...

#...... ...... #......
#.##.# #..###. #.##.#
#..# #. ..##.# #..###.
#### #.##.# #..##.. ....
#.##.# #..##..
####..#.##.#######..##..
......y@.........#..##..
####..####.#####.#......
.... #.# #.#...... ####
#.# #.#..##.. #.#
#.#..##.. #.# #.#..####
#.# #....# # #.# ###..#
# #.# #..# #


You could see a killer bee.

Vanquished Creatures
  2 endoplasms (D:1)
  A giant cockroach (D:1)
  A hobgoblin (D:1)
  2 quokkas (D:1)
  A rat (D:1)
7 creatures vanquished.

Notes
Turn   | Place    | Note
-------+----------+-------------------------------------------
     0 | D:1      | zygocactus the Demonspawn Wanderer began the quest for the
                  | Orb.
     0 | D:1      | zygocactus set off with the following items: a +0 war axe,
                  | a +0 spear, a wand of polymorph (6), a +0 robe
     0 | D:1      | Reached XP level 1. HP: 15/15 MP: 1/1
   346 | D:1      | Gained mutation: You are partially covered in razor-sharp
                  | scales. (AC +1, Slay +1) [demonic ancestry]
   346 | D:1      | Reached XP level 2. HP: 21/21 MP: 2/2
   363 | D:1      | Noticed a killer bee
   363 | D:1      | a bat changed into a killer bee
   369 | D:1      | HP: 1/21 [poisoned by a killer bee]
   369 | D:1      | Slain by a killer bee

Illustrated notes

Levels and vault maps discovered:
D:1:      dpeg_arrival_boxes_within_box, layout_loops_ring

Action                   || total
-------------------------++-------
Melee: Spear             ||    19
       War axe           ||     6
Evoke: Wand              ||     1
  Use: Scroll            ||     1
 Stab: Sleeping          ||     3
Armor: Robe              ||     1
Dodge: Dodged            ||     9

Table legend: (Time is in decaauts)
 A = Elapsed time spent in this place.
 B = Non-inter-level travel time spent in this place.
 C = Inter-level travel time spent in this place.
 D = Time resting spent in this place.
 E = Time spent auto-exploring this place.
 F = Levels seen in this place.
 G = Mean time per level.
                   A        B        C        D        E       F      G
               +--------+--------+--------+--------+--------+-----+--------+
         Total |    370 |    370 |      0 |    221 |     67 |   1 |  370.0 |
       Dungeon |    370 |    370 |      0 |    221 |     67 |   1 |  370.0 |
               +--------+--------+--------+--------+--------+-----+--------+

Top non-repeatable levels by time:
     D:1: 370 daAuts
